 Dungeon Crawl Stone Soup version 0.32-a0-450-g080537f31e (webtiles) character file.

Game seed: 14438068239707693458

24 whatisthis the Gusty (level 3, 0/19 HPs)
             Began as a Tengu Air Elementalist on Feb 24, 2024.
             Blown up by Ijyb (19 damage)
             ... with a mindburst bolt
             ... on level 3 of the Dungeon.
             The game lasted 00:02:42 (1372 turns).

whatisthis the Gusty (Tengu Air Elementalist)       Turns: 1372, Time: 00:02:42

Health: 0/19       AC:  2    Str:  8    XL:     3   Next: 2%
Magic:  14/16      EV: 12    Int: 23    God:
Gold:   48         SH:  0    Dex: 14    Spells: 3/6 levels left

rFire   . . .        h - +1 dagger (elec)
rCold   . . .        (no shield)
rNeg    . . .        a - +0 robe
rPois   .            (helmet restricted)
rElec   .            (no cloak)
rCorr   .            (no gloves)
SInv    .            (boots unavailable)
Will    .....        (no amulet)
Stlth   ++           c - ring of magical power
HPRegen 0.23/turn    j - +6 ring of intelligence
MPRegen 0.15/turn

%: acrobat
@: no status effects
A: beak, talons 3, acrobatic
a: no special abilities


You were on level 3 of the Dungeon.
You visited 1 branch of the dungeon, and saw 3 of its levels.

You collected 48 gold pieces.

Inventory:

Hand Weapons
 h - a +1 dagger of electrocution (weapon)
Armour
 a - a +0 robe (worn)
Jewellery
 c - a ring of magical power (left hand)
 d - a ring of flight
 j - a +6 ring of intelligence (right hand)
Scrolls
 e - a scroll of teleportation {unknown}
 f - 2 scrolls of identify {unknown}
 g - a scroll of blinking {unknown}
Potions
 b - a potion of magic
 i - a potion of curing {unknown}


   Skills:
 - Level 2.1 Dodging
 - Level 2.0 Stealth
 + Level 2.4 Spellcasting
 + Level 2.4 Conjurations
 + Level 4.5 Air Magic


You had 3 spell levels left.
You knew the following spells:

 Your Spells              Type           Power      Damage    Failure   Level
a - Shock                 Conj/Air       72%        1d7       3%          1
b - Static Discharge      Conj/Air       36%        3-5/arc   4%          2

Your spell library contained the following spells:

 Spells                   Type           Power      Damage    Failure   Level
 Swiftness                Air            23%        N/A       6%          3
 Airstrike                Air            11%        2d(2-18)  19%         4


Dungeon Overview and Level Annotations

Branches:
Dungeon (2/15)

Altars:

Annotations:
D:2 Terence
D:3 Ijyb


Innate Abilities, Weirdness & Mutations

You have a beak for a mouth.
You have claws for feet.
You can magically evade attacks while moving or waiting.


Message History

You are sucked into a shaft and drop 1 floor!
The shaft crumbles and collapses.
Found a twisted moonstone ring.
Unknown command.
A giant cockroach comes into view.
Found a scroll labelled NIMUGO JESTU.
You see here a +6 ring of intelligence.
j - a +6 ring of intelligence You're wearing all the rings you can.
Remove which one? (? for menu, Esc to cancel) < or
c - a ring of magical power; > or
d - a ring of flight You remove your ring of flight.
You float gracefully downwards.
You feel clever.
j - a +6 ring of intelligence (right hand) Unknown command.
You start resting.
Magic restored.
Found a scroll labelled ROEQIO KEBEXALET and a weird smoking staff.
Aiming: Shock (safe; 3% risk of failure)
Press: ? - help, Q - select action, (/) - cycle Shift-Dir - straight line, f - giant cockroach
Aim: a giant cockroach (asleep, 100% to hit)
The zap hits the giant cockroach.
You kill the giant cockroach!
You have reached level 3!
Your experience leads to an increase in your attributes!
Your base attributes are Str 8, Int 15, Dex 14.
Increase (S)trength, (I)ntelligence, or (D)exterity?
You feel clever. x2
Ijyb the Inquisitive comes into view.
She is wielding a +0 club and carrying a wand of mindburst.
Ijyb shouts!
Ijyb zaps a wand.
You barely resist.
Aiming: Shock (safe; 3% risk of failure)
Press: ? - help, Q - select action, (/) - cycle Shift-Dir - straight line, f - Ijyb
Aim: Ijyb, wielding a +0 club, wearing a +0 scale mail and carrying a wand of mindburst (68% to hit)
The zap hits Ijyb.
Ijyb is lightly wounded.
Ijyb zaps a wand.
Your mind is blasted!
Ouch! That really hurt!
You die...
Ijyb screams, "Time for next experiment!"

############
...........#
.......@...#
#...#......##
.#.#........##
#...#...#..#####
#?.#....##.....#
###...#........#
#.?#..####g..#
###...# .##
...#..# .


You could see Ijyb.

Vanquished Creatures
  A dart slug (D:1)
  5 ball pythons (D:1)
  A giant cockroach (D:3)
  3 goblins
  3 jackals (D:1)
  A bat (D:1)
  3 frilled lizards (D:1)
  A kobold (D:1)
  4 rats
22 creatures vanquished.

Notes
Turn   | Place    | Note
-------+----------+-------------------------------------------
     0 | D:1      | whatisthis the Tengu Air Elementalist began the quest for
                  | the Orb.
     0 | D:1      | Reached XP level 1. HP: 10/10 MP: 4/4
   223 | D:1      | Reached XP level 2. HP: 14/15 MP: 6/6
   287 | D:1      | Found a faded altar of an unknown god.
   785 | D:1      | Learned a level 2 spell: Static Discharge
  1288 | D:2      | Noticed Terence
  1341 | D:2      | You are sucked into a shaft and drop 1 floor!
  1367 | D:3      | Reached XP level 3. HP: 19/19 MP: 7/7
  1369 | D:3      | Noticed Ijyb
  1372 | D:3      | Blown up by Ijyb

Illustrated notes

Levels and vault maps discovered:
D:1:      dpeg_arrival_another_circle, layout_basic,
          ebering_ecumenical_altar_mist
D:2:      layout_rooms, uniq_terence, uniq_robin
D:3:      layout_loops_ring, trog_butcher_becter, lemuel_crystal_altar,
          minmay_splitting_lines, uniq_ijyb

Skill      XL: |  1  2 |
---------------+-------+-----
Conjurations   | 2 |  2.4
Dodging        | |  2.1
Stealth        | |  2.0
Spellcasting   | |  2.4
Air Magic      | |  4.5

Action                     || total
---------------------------++-------
   Cast: Shock             ||    41
 Armour: Robe              ||     4
  Dodge: Dodged            ||     8

Table legend: (Time is in decaauts)
 A = Elapsed time spent in this place.
 B = Non-inter-level travel time spent in this place.
 C = Inter-level travel time spent in this place.
 D = Time resting spent in this place.
 E = Time spent auto-exploring this place.
 F = Levels seen in this place.
 G = Mean time per level.
                   A        B        C        D        E       F      G
               +--------+--------+--------+--------+--------+-----+--------+
         Total |   1369 |   1290 |     79 |    181 |    891 |   3 |  456.3 |
       Dungeon |   1369 |   1290 |     79 |    181 |    891 |   3 |  456.3 |
               +--------+--------+--------+--------+--------+-----+--------+

Top non-repeatable levels by time:
     D:1: 1329 daAuts
     D:3: 29 daAuts
     D:2: 10 daAuts
